 Dungeon Crawl Stone Soup version 0.30-a0-218-gedb9141078 (webtiles) character file.

Game seed: 7647957898441156801

89 tizbic2 the Cudgeller (level 4, -13/26 (38) HPs)
             Began as an Armataur Reaver on Oct 5, 2022.
             Was an Initiate of Ashenzari.
             Mangled by a worm (15 damage)
             ... on level 3 of the Dungeon.
             The game lasted 00:11:37 (2019 turns).

tizbic2 the Cudgeller (Armataur Reaver)             Turns: 2019, Time: 00:11:38

HP:   -13/26 (38)   AC:  7    Str: 17    XL:     4   Next: 31%
MP:   6/7           EV:  7    Int: 16    God:    Ashenzari [......]
Gold: 171           SH:  5    Dex:  8    Spells: 4/7 levels left

rFire   . . .      SeeInvis .    n - staff of cold
rCold   + . .      Faith    .    (no shield)
rNeg    . . .      Spirit   .    g - +0 scale mail
rPois   .          Reflect  +    (no helmet)
rElec   .          Harm     .    (no cloak)
rCorr   .          Roll     +    d - +0 pair of gloves
Will    .....                    (no barding)
Stlth   ..........               j - amulet of reflection
HPRegen 0.24/turn                (no ring)
MPRegen 0.10/turn                (no ring)

@: very slightly contaminated, very heavily drained
A: large, rugged brown scales 3, deformed body, armoured tail, roll, long
tongue, awkward tongue
a: Renounce Religion


You were on level 3 of the Dungeon.
You worshipped Ashenzari.
Ashenzari was noncommittal.
You visited 1 branch of the dungeon, and saw 3 of its levels.

You collected 171 gold pieces.

Inventory:

Hand Weapons
 a - a +0 mace
 k - a +1 sling of flaming
Missiles
 q - 6 poisoned darts
Armour
 d - a +0 pair of gloves (worn)
 g - a +0 scale mail (worn)
Magical Staves
 n - a staff of cold (weapon)
Jewellery
 j - an amulet of reflection (around neck)
Scrolls
 c - a scroll of blinking
 i - 3 scrolls of fear {unknown}
 m - 2 scrolls of teleportation
 p - a scroll of enchant weapon {unknown}
 s - 2 scrolls of amnesia {unknown}
 t - a scroll of magic mapping
 u - 2 scrolls of vulnerability
 v - a scroll of noise {unknown}
 w - a scroll of identify {unknown}
Potions
 b - 5 potions of curing {unknown}
 e - a potion of brilliance {unknown}
 f - 2 potions of resistance {unknown}
 h - 2 potions of mutation {unknown}
 l - a potion of might {unknown}
 o - a potion of invisibility {unknown}
 r - a potion of flight {unknown}


   Skills:
 - Level 2.2 Fighting
 - Level 3.1(3.3) Maces & Flails
 * Level 1.1(2.3) Staves
 - Level 1.4 Dodging
 - Level 2.3 Spellcasting
 - Level 3.0 Conjurations
 + Level 0.6 Ice Magic
 + Level 0.8 Evocations


You had 4 spell levels left.
You knew the following spells:

 Your Spells              Type           Power      Damage    Failure   Level
a - Kiss of Death         Conj/Necr      24%        2d7       36%         1
b - Momentum Strike       Conj/Tloc      12%        3d8       52%         2

Your spell library contained the following spells:

 Spells                   Type           Power      Damage    Failure   Level
 Hailstorm                Conj/Ice       11%        3d5       71%         3


Dungeon Overview and Level Annotations

Branches:
Dungeon (3/15)

Altars:
Ashenzari
Cheibriados
Trog
Wu Jian


Innate Abilities, Weirdness & Mutations

You are completely covered in rugged brown scales. (AC +3, +7% HP)
Armour fits poorly on your strangely shaped body.
You have a long armoured tail.
You roll when moving toward enemies. (Rampage)
Your long tongue fully drains potion bottles. (2x potion effects)
Your tongue gives you trouble enunciating. (1.5x scroll delay)


Message History

The rat bites you.
You hit the rat.
You kill the rat!
You see here a rat corpse.
You roll towards the worm!
You hit the worm but do no damage. The worm bites you.
You hit the worm but do no damage.
The moth of wrath goads the worm on!
The worm goes berserk!
The worm bites you but does no damage.
You barely miss the worm. The worm barely misses you.
You hit the worm.
The worm is lightly wounded.
The worm bites you but does no damage.
You barely miss the worm.
The worm is lightly wounded.
The worm bites you!
You hit the worm.
The worm is lightly wounded.
You block the worm's attack.
You hit the worm.
The worm is lightly wounded.
The worm closely misses you.
You hit the worm but do no damage.
The worm is lightly wounded.
The worm completely misses you.
You barely miss the worm.
The worm is lightly wounded.
The worm bites you.
You hit the worm.
Your tail-slap misses the worm.
The worm is lightly wounded.
The worm bites you!
* * * LOW HITPOINT WARNING * * *
Aiming: Kiss of Death (safe; 36% risk of failure)
Press: ? - help, Q - select action, (/) - cycle Shift-Dir - straight line, f - worm
Aim: a worm (lightly wounded, berserk, 100% to hit)
You miscast Kiss of Death.
You are very lightly contaminated with residual magic.
Nothing appears to happen.
The worm bites you!
Ouch! That really hurt!
You die...

#.####....####...........###....~
#+# #....# #.........#.........
....##....# #.........'........~
..........# #.#######.#.........
..........## ####...####.........
...........# ##)))....##....#...~
...#.......###...._...)##...#....
...#######..##...w.....##...#...)
...# #...#...@###....#...#....
...# #...#...##y##...##.......
...######...#....###....##.......
.......##...#...........#........
.#.+##.##...##.........##........
.#...#.......##.......##.........
.#............####†####..#.......
##...####.......##.##....#.......
.#.+...⌠#........#.......#.......


You could see a moth of wrath and a worm (berserk).

Vanquished Creatures
  2 adders
  3 dart slugs
  6 bats
  8 endoplasms
  3 giant cockroaches
  4 goblins
  7 hobgoblins
  2 quokkas
  8 ball pythons
  5 frilled lizards
  5 kobolds
  8 rats
61 creatures vanquished.

Vanquished Creatures (others)
  8 fungi (D:2)
8 creatures vanquished.

Grand Total: 69 creatures vanquished

Notes
Turn   | Place    | Note
-------+----------+-------------------------------------------
     0 | D:1      | tizbic2 the Armataur Reaver began the quest for the Orb.
     0 | D:1      | Reached XP level 1. HP: 18/18 MP: 3/3
   289 | D:1      | Reached XP level 2. HP: 25/25 MP: 5/5
   507 | D:1      | Reached XP level 3. HP: 19/19 MP: 6/6
   631 | D:1      | You fall into a shaft and drop 1 floor!
   726 | D:2      | Found a faded altar of an unknown god.
  1297 | D:3      | Found a snail-covered altar of Cheibriados.
  1297 | D:3      | Found an ornate altar of the Wu Jian Council.
  1467 | D:3      | Found a broken altar of Ashenzari.
  1479 | D:3      | Became a worshipper of Ashenzari the Shackled
  1536 | D:3      | Reached XP level 4. HP: 24/25 MP: 4/7
  1838 | D:3      | Reached skill level 1 in Staves
  1933 | D:3      | Learned a level 2 spell: Momentum Strike
  1985 | D:3      | Noticed a moth of wrath
  1988 | D:3      | Found a bloodstained altar of Trog.
  2019 | D:3      | Mangled by a worm

Illustrated notes

Levels and vault maps discovered:
D:1:      elethiomel_arrival_infinity_welcomes_careful_drivers, layout_rooms,
          hangedman_abyss_or_decor_lesser_grid, hangedman_decor_diamond_cutter
D:2:      layout_loops_ring, ebering_ecumenical_altar_webs,
          dreamdust_mushroom_princess, reono_crystal_passage,
          minmay_tetromino_s4
D:3:      layout_basic, evilmike_ruin_ashenzari, tgw_trog,
          nicolae_overflow_two_pavilions, serial_rivers,
          chequers_serial_rivers_micro_d, chequers_serial_rivers_small_3,
          chequers_serial_rivers_large_a, chequers_serial_rivers_large_b,
          chequers_serial_rivers_micro_b, st_stairs_3

Skill      XL: |  1  2  3  4 |
---------------+-------------+-----
Spellcasting   | 2 |  2.3
Fighting       | 2 |  2.2
Maces & Flails | 3 |  3.1
Conjurations   | 3 |  3.0
Staves         | 1 |  1.1
Dodging        | |  1.4
Ice Magic      | |  0.6
Evocations     | |  0.8

Action                   |  1- 3 |  4- 6 || total
-------------------------+-------+-------++-------
Melee: Mace              |    98 |       ||    98
       Punch             |     1 |       ||     1
       Tailslap          |     9 |     7 ||    16
       Staff             |    40 |    37 ||    77
 Fire: Sling             |    12 |       ||    12
 Cast: Kiss of Death     |     4 |       ||     4
  Use: Scroll            |     5 |       ||     5
Armor: Scale mail        |   119 |    16 ||   135
       Leather armour    |     9 |       ||     9
Dodge: Dodged            |    73 |    11 ||    84
Block: Other             |    11 |     9 ||    20
       Reflection        |       |     1 ||     1

Table legend: (Time is in decaauts)
 A = Elapsed time spent in this place.
 B = Non-inter-level travel time spent in this place.
 C = Inter-level travel time spent in this place.
 D = Time resting spent in this place.
 E = Time spent auto-exploring this place.
 F = Levels seen in this place.
 G = Mean time per level.
                   A        B        C        D        E       F      G
               +--------+--------+--------+--------+--------+-----+--------+
         Total |   2091 |   1940 |    151 |    100 |     29 |   3 |  697.0 |
       Dungeon |   2091 |   1940 |    151 |    100 |     29 |   3 |  697.0 |
               +--------+--------+--------+--------+--------+-----+--------+

Top non-repeatable levels by time:
     D:3: 836 daAuts
     D:1: 654 daAuts
     D:2: 600 daAuts
